 Dungeon Crawl Stone Soup version 0.22.1-5-g62c59d919a (webtiles) character file.

6904 Riddle the Covert (level 10, -6/63 HPs)
             Began as a Vampire Enchanter on Jan 15, 2019.
             Was an Initiate of Dithmenos.
             Mangled by a centaur (9 damage)
             ... on level 10 of the Dungeon.
             The game lasted 00:32:49 (21358 turns).

Riddle the Covert (Vampire Enchanter)              Turns: 21358, Time: 00:32:52

Health: -6/63      AC:  8    Str:  7    XL:     10   Next: 79%
Magic:  18/18      EV: 16    Int: 17    God:    Dithmenos [......]
Gold:   527        SH:  6    Dex: 23    Spells: 11/20 levels left

rFire    . . .     SeeInvis +   r - +3 dagger (speed)
rCold    + + .     Gourm    .   E - +0 buckler
rNeg     + + +     Faith    .   H - +3 leather armour "Idovuel" {Dex+4}
rPois    ∞         Spirit   .   (no helmet)
rElec    .         Reflect  .   n - +0 cloak
rCorr    .         Harm     .   h - +0 pair of gloves (curse)
MR       +....                  (no boots)
Stlth    ++++++++..             w - amulet of regeneration
HPRegen  0.00/turn              t - +1 ring of evasion
MPRegen  0.16/turn              (no ring)

@: flying, bloodless, non-regenerating
A: fangs 3, see invisible, unbreathing
a: Bat Form, Renounce Religion


You were on level 10 of the Dungeon.
You worshipped Dithmenos.
Dithmenos was noncommittal.
You were bloodless.

You visited 2 branches of the dungeon, and saw 11 of its levels.
You also visited: Ossuary.

You collected 527 gold pieces.

Inventory:

Hand Weapons
 r - a +3 dagger of speed (weapon)
Missiles
 j - a throwing net (quivered)
Armour
 h - a cursed +0 pair of gloves (worn)
 n - a +0 cloak (worn)
 E - a +0 buckler (worn)
 H - the +3 leather armour "Idovuel" (worn) {Dex+4}
   (You found it on level 9 of the Dungeon)

   It affects your dexterity (+4).
Jewellery
 t - a +1 ring of evasion (left hand)
 w - an amulet of regeneration (around neck)
Wands
 b - a wand of disintegration (18)
 o - a wand of random effects (91)
 s - a wand of acid (8)
 F - a wand of digging (16)
Scrolls
 c - 12 scrolls of identify
 d - a scroll of enchant weapon
 f - 2 scrolls of teleportation
 g - 2 scrolls of fog
 l - 3 scrolls of random uselessness {unknown}
 m - 11 scrolls of remove curse {unknown}
 q - 2 scrolls of amnesia {unknown}
 x - 3 scrolls of fear {unknown}
 y - a scroll of enchant armour {unknown}
 z - a scroll of noise {unknown}
 D - a scroll of holy word {unknown}
 G - a scroll of magic mapping {unknown}
Potions
 a - 4 potions of blood
 e - 6 potions of flight
 i - 3 potions of degeneration {unknown}
 k - 3 potions of brilliance {unknown}
 p - 5 potions of mutation {unknown}
 u - 2 potions of ambrosia {unknown}
 v - a potion of invisibility {unknown}
 A - a potion of haste {unknown}
 B - 5 potions of lignification {unknown}
 C - 2 potions of curing {unknown}


   Skills:
 + Level 8.8 Short Blades
 - Level 5.4 Dodging
 + Level 13.5 Stealth
 - Level 4.0 Shields
 + Level 5.6 Spellcasting
 + Level 8.7 Hexes
 + Level 5.6 Ice Magic


You had 11 spell levels left.
You knew the following spells:

 Your Spells              Type           Power        Failure   Level  Hunger
a - Corona                Hex            ####...      1%          1    None
b - Ensorcelled Hibernat  Hex/Ice        ####..       1%          2    #......
c - Confuse               Hex            ####....     1%          3    ##.....
d - Tukima's Dance        Hex            ####....     1%          3    ##.....

Your spell library contained the following spells:

 Spells                   Type           Power        Failure   Level  Hunger
 Dazzling Spray           Conj/Hex       ###...       10%         3    ##.....


Dungeon Overview and Level Annotations

Branches:
Dungeon (10/15)            Temple (1/1) D:5
   Lair: D:8-11         Orc: D:9-12

Altars:
Ashenzari
Cheibriados
Dithmenos
Elyvilon
Fedhas
Gozag
Hepliaklqana
Kikubaaqudgha
Makhleb
Nemelex Xobeh
Okawaru
Qazlal
Ru
Sif Muna
Trog
Uskayaw
Vehumet
Wu Jian
Xom
Yredelemnul
Zin
The Shining One


Innate Abilities, Weirdness & Mutations

You do not heal naturally.
You are immune to poison.
You have razor-sharp teeth.
You have supernaturally acute eyesight. (SInv)
You can survive without breathing.


Message History

You closely miss the centaur.
The orc priest invokes the aid of Beogh against you.
Beogh smites you!
* * * LOW HITPOINT WARNING * * *
The orc hits you but does no damage.
You bump into the rock wall.
The centaur unwields an uncursed shortbow.
The centaur hits you but does no damage.
The centaur closely misses you.
You bump into the rock wall.
The centaur barely misses you.
A worker ant comes into view.
The orc wizard closely misses you. The centaur hits you!
* * * LOW HITPOINT WARNING * * *
It was a potion of flight.
You feel very buoyant.
You fly up into the air.
You feel less confused.
A wolf comes into view.
The centaur hits you!
You die...

#..# ... #..###.#
##############......#
..................#.#
###############.#.#.#
# #.#.#.# ### #.(<#>#
<. ..# ##..#.# .h. #.#
#@c#h####.... #)#
#hooh..a#.... #.#
#..ooo..h.h.. #.#
###....(..##. ≈ #.#
#.........#.... #.#
#.###.......... #.#
########.# #.###..%..≈
#.#
#........###..#......≈
..#
#.######........##..≈≈


You could see a wolf (wandering), a centaur, 2 hounds, a worker ant, an orc
priest, an orc wizard and 3 orcs.

Vanquished Creatures
  A two-headed ogre (D:9)
  Psyche (D:10)
  4 gargoyles (D:7)
  A hippogriff (D:8)
  Sigmund (D:2)
  3 yaks
  A hungry ghost (D:9)
  Edmund (D:6)
  A hornet zombie (D:9)
  3 orc warriors
  A sky beast (D:8)
  5 ogres
  5 centaurs
  6 bullfrogs
  A gnoll sergeant (D:5)
  A scorpion (D:5)
  2 howler monkeys (D:9)
  2 centaur zombies
  3 crimson imps
  5 hounds
  4 jellies
  6 orc priests
  A bullfrog skeleton (D:4)
  2 centaur skeletons
  Jessica (D:2)
  Ijyb (D:3)
  4 iguanas
  4 orc wizards
  5 worker ants
  6 big kobold zombies (Ossuary)
  2 hound zombies
  2 hound skeletons (D:5)
  A mummy (Ossuary)
  Robin (D:2)
  A howler monkey skeleton (D:5)
  9 adders
  8 gnolls
  A shadow imp (D:7)
  8 oozes
  2 adder zombies
  5 worms
  3 dart slugs
  3 leopard geckos
  25 orcs
  6 spectral bats (Ossuary)
  5 bats
  5 giant cockroaches
  6 gnoll zombies (Ossuary)
  9 goblins
  9 hobgoblins
  5 jackals
  4 kobolds
  2 quokkas
  A ball python (D:4)
  4 bat simulacra (Ossuary)
  2 frilled lizards
  2 goblin simulacra (Ossuary)
  5 goblin zombies (Ossuary)
  4 hobgoblin zombies (Ossuary)
  A jackal zombie (D:8)
  4 kobold simulacra (Ossuary)
  6 kobold zombies (Ossuary)
  A leopard gecko zombie (D:5)
  3 orc zombies (Ossuary)
  A quokka skeleton (D:7)
  11 rats
  2 rat simulacra (Ossuary)
  A rat zombie (D:6)
  A spectral goblin (Ossuary)
  4 spectral kobolds (Ossuary)
  4 spectral rats (Ossuary)
261 creatures vanquished.

Vanquished Creatures (others)
  An orc (D:7)
  4 fungi (D:5)
5 creatures vanquished.

Grand Total: 266 creatures vanquished

Notes
Turn   | Place    | Note
-------+----------+-------------------------------------------
     0 | D:1      | Riddle the Vampire Enchanter began the quest for the Orb.
     0 | D:1      | Reached XP level 1. HP: 13/13 MP: 3/3
   276 | D:1      | Reached skill level 5 in Stealth
   276 | D:1      | Reached XP level 2. HP: 17/19 MP: 5/5
   289 | D:1      | Reached skill level 5 in Hexes
  1018 | D:2      | Noticed Sigmund
  1036 | D:2      | Killed Sigmund
  1036 | D:2      | Reached skill level 7 in Stealth
  1036 | D:2      | Reached XP level 3. HP: 11/24 MP: 6/6
  1036 | D:2      | Reached XP level 4. HP: 14/30 MP: 7/7
  1036 | D:2      | Reached XP level 5. HP: 16/35 MP: 8/8
  2303 | D:2      | Learned a level 2 spell: Ensorcelled Hibernation
  2375 | D:2      | Found an iron altar of Okawaru.
  2497 | D:2      | Noticed Jessica
  2500 | D:2      | Killed Jessica
  2500 | D:2      | Reached skill level 8 in Stealth
  2503 | D:2      | Noticed Robin
  2591 | D:2      | Killed Robin
  3332 | D:2      | Reached XP level 6. HP: 41/41 MP: 9/9
  3590 | D:3      | Noticed Ijyb
  3594 | D:3      | Killed Ijyb
  3601 | D:3      | Reached skill level 9 in Stealth
  5245 | D:4      | Reached skill level 1 in Ice Magic
  5245 | D:4      | Reached XP level 7. HP: 46/46 MP: 10/10
  5505 | D:4      | Reached skill level 10 in Stealth
  5620 | D:4      | Found a white marble altar of Elyvilon.
  5813 | D:5      | Entered Level 5 of the Dungeon
  6072 | D:5      | Found a staircase to the Ecumenical Temple.
  6112 | Temple   | Entered the Ecumenical Temple
  6616 | D:5      | Reached XP level 8. HP: 52/52 MP: 12/12
  6624 | D:5      | Found a sparkling altar of Nemelex Xobeh.
  6681 | D:5      | Found a basalt altar of Yredelemnul.
  6853 | D:6      | Found a sand-covered staircase.
  6865 | Ossuary  | Entered an ossuary
  9496 | D:6      | Noticed Edmund
 11471 | D:6      | Reached skill level 5 in Dodging
 11734 | D:6      | Killed Edmund
 11734 | D:6      | Reached skill level 5 in Short Blades
 12033 | D:7      | Found a hazy altar of Hepliaklqana.
 12033 | D:7      | Found a snail-covered altar of Cheibriados.
 12033 | D:7      | Found a deep blue altar of Sif Muna.
 12033 | D:7      | Found an ornate altar of the Wu Jian Council.
 12033 | D:7      | Found a sparkling altar of Nemelex Xobeh.
 12033 | D:7      | Found a shadowy altar of Dithmenos.
 12233 | D:6      | Reached XP level 9. HP: 41/57 MP: 9/15
 12326 | D:7      | Reached skill level 11 in Stealth
 12472 | D:7      | Found a shattered altar of Ashenzari.
 12480 | D:7      | Became a worshipper of Dithmenos the Shadowed
 12796 | D:7      | Noticed a gargoyle
 12798 | D:7      | Killed a gargoyle
 12798 | D:7      | Reached skill level 1 in Shields
 12805 | D:7      | Noticed a gargoyle
 12864 | D:7      | Learned a level 3 spell: Confuse
 12868 | D:7      | Learned a level 3 spell: Tukima's Dance
 12931 | D:7      | Killed a gargoyle
 12945 | D:7      | Noticed a gargoyle
 12947 | D:7      | Killed a gargoyle
 12947 | D:7      | Reached skill level 12 in Stealth
 12952 | D:7      | Noticed a gargoyle
 12961 | D:7      | Killed a gargoyle
 17563 | D:8      | Reached XP level 10. HP: 63/63 MP: 13/16
 18883 | D:9      | Found a burning altar of Makhleb.
 18883 | D:9      | Noticed an Executioner
 18884 | D:9      | Found a glowing silver altar of Zin.
 18884 | D:9      | Noticed an angel
 19082 | D:9      | Reached skill level 13 in Stealth
 19197 | D:9      | Found a sacrificial altar of Ru.
 19359 | D:9      | Reached skill level 5 in Spellcasting
 19631 | D:9      | Noticed a two-headed ogre
 19653 | D:9      | Killed a two-headed ogre
 19653 | D:9      | Reached skill level 5 in Ice Magic
 20078 | D:9      | Got a steaming leather armour
 20089 | D:9      | Identified the +3 leather armour "Idovuel" {Dex+4} (You
                  | found it on level 9 of the Dungeon)
 21176 | D:10     | Entered Level 10 of the Dungeon
 21207 | D:10     | Noticed Psyche
 21212 | D:10     | Killed Psyche
 21357 | D:10     | HP: 3/63 [centaur (8)]
 21358 | D:10     | Mangled by a centaur

Skill      XL: |  1  2  3  4  5  6  7  8  9 10 |
---------------+-------------------------------+-----
Stealth        | 5 7 8 9 10 12 13 | 13.5
Hexes          | 6 7 8 |  8.7
Short Blades   | 2 3 5 7 8 |  8.8
Ice Magic      | 1 2 4 5 |  5.6
Dodging        | 4 5 |  5.4
Spellcasting   | 3 4 5 |  5.6
Shields        | 3 4 |  4.0

Action                   |  1- 3 |  4- 6 |  7- 9 | 10-12 || total
-------------------------+-------+-------+-------+-------++-------
Melee: Dagger            |    61 |    95 |   417 |   107 ||   680
       Bite              |     2 |     5 |    38 |     9 ||    54
 Cast: Ensorcelled Hiber |       |    45 |    99 |    58 ||   202
       Corona            |       |       |     1 |       ||     1
       Confuse           |       |       |     4 |     1 ||     5
 Abil: End Transformatio |       |       |     8 |     1 ||     9
       Bat Form          |       |       |     8 |     1 ||     9
  Use: Scroll            |       |     1 |     3 |       ||     4
       Potion            |       |       |    14 |     3 ||    17
 Stab: Sleeping          |     4 |    49 |    88 |    39 ||   180
       Confused          |       |       |     3 |     1 ||     4
Armor: Robe              |     8 |    21 |    52 |     4 ||    85
       Leather armour    |       |       |       |     4 ||     4
Dodge: Dodged            |    33 |    62 |   239 |    36 ||   370
Block: Buckler           |       |       |     4 |    20 ||    24
